 Dungeon Crawl Stone Soup version 0.30-a0-743-gbfdf073431 (webtiles) character file.

Game seed: 5096605109898219006

42 Leeroy the Slasher (level 3, -1/18 HPs)
             Began as a Vine Stalker Warper on Feb 5, 2023.
             Slain by a kobold
             ... wielding a +0 club
              (2 damage)
             ... on level 2 of the Dungeon.
             The game lasted 00:01:39 (927 turns).

Leeroy the Slasher (Vine Stalker Warper)             Turns: 927, Time: 00:01:39

Health: -1/18      AC:  3    Str: 13    XL:     3   Next: 54%
Magic:  0/7        EV: 11    Int: 19    God:
Gold:   33         SH:  0    Dex: 15    Spells: 4/6 levels left

rFire   . . .      SeeInvis .    a - +0 falchion
rCold   . . .      Faith    .    (no shield)
rNeg    . . .      Spirit   +    b - +0 leather armour
rPois   .          Reflect  .    (no helmet)
rElec   .          Harm     .    (no cloak)
rCorr   .          Rampage  .    (no gloves)
Will    .....                    (no boots)
Stlth   +                        (no amulet)
HPRegen 0.23/turn                g - +6 ring of intelligence
MPRegen 0.10/turn                (no ring)

@: no status effects
A: fangs 2, magic shield, antimagic bite, no potion heal 2
a: no special abilities


You were on level 2 of the Dungeon.
You visited 1 branch of the dungeon, and saw 2 of its levels.

You collected 33 gold pieces.

Inventory:

Hand Weapons
 a - a +0 falchion (weapon)
Missiles
 d - 7 boomerangs of dispersal (quivered)
Armour
 b - a +0 leather armour (worn)
Jewellery
 g - a +6 ring of intelligence (left hand)
 i - a ring of willpower
Scrolls
 c - a scroll of blinking
 e - a scroll of vulnerability {unknown}
 h - a scroll of fog {unknown}
 j - a scroll of brand weapon {unknown}
 k - a scroll of teleportation {unknown}
 l - a scroll of immolation {unknown}
Potions
 f - 2 potions of berserk rage {unknown}


   Skills:
 - Level 1.7 Fighting
 + Level 3.4 Long Blades
 - Level 0.8 Throwing
 - Level 0.7 Armour
 - Level 1.5 Dodging
 - Level 2.1 Spellcasting
 - Level 3.0 Translocations


You had 4 spell levels left.
You knew the following spells:

 Your Spells              Type           Power      Damage    Failure   Level
a - Blink                 Tloc           26%        N/A       10%         2

Your spell library contained the following spells:

 Spells                   Type           Power      Damage    Failure   Level
 Lesser Beckoning         Tloc           26%        N/A       10%         2
 Momentum Strike          Conj/Tloc      14%        3d8       17%         2
 Teleport Other           Tloc           13%        N/A       19%         3
 Vhi's Electric Charge    Tloc/Air       14%        N/A       34%         3
 Manifold Assault         Tloc           13%        N/A       52%         4


Dungeon Overview and Level Annotations

Branches:
Dungeon (2/15)

Altars:


Innate Abilities, Weirdness & Mutations

You have extremely sharp teeth.
When hurt, damage is shared between your health and your magic reserves.
Your bite disrupts and absorbs the magic of your enemies.
Potions cannot restore your health.


Message History

* * * LOW HITPOINT WARNING * * *
You closely miss the kobold. Your bite misses the kobold.
The giant cockroach closely misses you.
A frilled lizard comes into view.
The kobold closely misses you.
The giant cockroach bites you but does no damage.
The frilled lizard hisses angrily.
You hit the kobold. Your bite misses the kobold.
The kobold is moderately wounded.
The kobold closely misses you.
The giant cockroach bites you but does no damage.
You closely miss the frilled lizard. You bite the frilled lizard.
You kill the frilled lizard!
The kobold closely misses you.
The giant cockroach bites you but does no damage.
The kobold completely misses you.
You barely miss the kobold.
The kobold is moderately wounded.
The giant cockroach barely misses you.
The giant cockroach bites you but does no damage.
The kobold hits you with a +0 club.
* * * LOW HITPOINT WARNING * * *
You hit the kobold but do no damage.
The kobold is moderately wounded.
The giant cockroach barely misses you. The kobold hits you but does no damage.
You hit the giant cockroach.
You kill the giant cockroach!
The kobold throws a stone.
The stone closely misses you.
You hit the kobold.
The kobold is heavily wounded.
The kobold barely misses you.
The kobold throws a stone.
The stone barely misses you.
You barely miss the kobold.
The kobold is heavily wounded.
The kobold hits you with a +0 club.
* * * LOW HITPOINT WARNING * * *
You closely miss the kobold.
The kobold is heavily wounded.
The kobold hits you with a +0 club.
You die...

#.......# #........
#..[.?..# #.......#
# #.......###.#####
#...............##
#..$..†..## .#...
#.....).KK###..#..
#.......#@†#......
##########.......#
#...~.~.#
###.#.~⌠~.#
#...#.~....
##..........
#########....##..###
...........#..##.#
......†...###.....#


You could see 2 kobolds.

Vanquished Creatures
  An adder (D:2)
  2 endoplasms (D:1)
  4 giant cockroaches
  A goblin (D:1)
  3 hobgoblins (D:1)
  3 jackals (D:1)
  2 quokkas (D:1)
  4 ball pythons (D:1)
  4 bats
  4 frilled lizards
  A kobold (D:1)
  2 rats (D:1)
31 creatures vanquished.

Notes
Turn   | Place    | Note
-------+----------+-------------------------------------------
     0 | D:1      | Leeroy the Vine Stalker Warper began the quest for the Orb.
     0 | D:1      | Reached XP level 1. HP: 11/11 MP: 4/4
    49 | D:1      | Reached XP level 2. HP: 8/15 MP: 4/6
   289 | D:1      | Learned a level 2 spell: Blink
   521 | D:1      | Reached XP level 3. HP: 15/18 MP: 5/7
   927 | D:2      | Slain by a kobold

Illustrated notes

Levels and vault maps discovered:
D:1:      scummos_arrival_hexagon, layout_basic
D:2:      layout_rooms, serial_shops, shop_statue, shop_fountains,
          nicolae_shop_stone, nicolae_shop_behind_doors, nicolae_square_shop,
          corexii_leaking_fountain

Skill      XL: |  1  2 |
---------------+-------+-----
Long Blades    | 2 3 |  3.4
Fighting       | |  1.7
Throwing       | |  0.8
Armour         | |  0.7
Dodging        | |  1.5
Spellcasting   | |  2.1
Translocations | |  3.0

Action                     || total
---------------------------++-------
  Melee: Falchion          ||    95
         Bite              ||    19
         Punch             ||     1
   Stab: Sleeping          ||     1
 Armour: Leather armour    ||    44
  Dodge: Dodged            ||    78

Table legend: (Time is in decaauts)
 A = Elapsed time spent in this place.
 B = Non-inter-level travel time spent in this place.
 C = Inter-level travel time spent in this place.
 D = Time resting spent in this place.
 E = Time spent auto-exploring this place.
 F = Levels seen in this place.
 G = Mean time per level.
                   A        B        C        D        E       F      G
               +--------+--------+--------+--------+--------+-----+--------+
         Total |    941 |    912 |     29 |      0 |    701 |   2 |  470.5 |
       Dungeon |    941 |    912 |     29 |      0 |    701 |   2 |  470.5 |
               +--------+--------+--------+--------+--------+-----+--------+

Top non-repeatable levels by time:
     D:1: 898 daAuts
     D:2: 43 daAuts
